 Dungeon Sprint DCSS version 0.31.0-9-g3a7656b989 (webtiles) character file.

Game seed: 4593525070840331203

133 Groucho the Sneak (level 4, 0/38 HPs)
             Began as an Armataur Brigand on Feb 3, 2024.
             Slain by an ufetubus (2 damage)
             ... in the Dungeon (Sprint IX: "|||||||||||||||||||||||||||||").
             The game lasted 00:00:51 (244 turns).

Groucho the Sneak (Armataur Brigand)                 Turns: 244, Time: 00:00:52

Health: 0/38       AC:  5    Str: 17    XL:     4   Next: 94%
Magic:  5/7        EV: 10    Int: 11    God:
Gold:   0          SH:  0    Dex: 13    Spells: 3/3 levels left

rFire   . . .        a - +2 dagger
rCold   . . .        (no shield)
rNeg    . . .        b - +0 robe
rPois   .            (no helmet)
rElec   .            c - +0 cloak
rCorr   .            (no gloves)
SInv    .            (no barding)
Will    .....        (no amulet)
Stlth   +++          (no ring)
HPRegen 0.26/turn    (no ring)
MPRegen 0.10/turn

%: no teleportation, roll
@: lethally poisoned (0 -> -5), on berserk cooldown, slowed, very slow
A: large, deformed body, tough skin 3, armoured tail, roll 1
a: no special abilities


You were in the Dungeon.
You visited 1 branch

Inventory:

Hand Weapons
 a - a +2 dagger (weapon)
Missiles
 d - 9 poisoned darts (quivered)
 e - 3 curare-tipped darts
Armour
 b - a +0 robe (worn)
 c - a +0 cloak (worn)
Scrolls
 k - a scroll of blinking
Potions
 f - a potion of curing
 g - a potion of heal wounds
 h - a potion of haste
 i - 2 potions of magic


   Skills:
 + Level 3.2 Fighting
 * Level 4.3 Short Blades
 - Level 1.7 Throwing
 + Level 3.3 Armour
 + Level 2.2 Dodging
 * Level 6.8 Stealth
 + Level 3.1 Shields
 * Level 4.1 Invocations


You had 3 spell levels left.
You didn't know any spells.
Your spell library was empty.

Dungeon Overview and Level Annotations

Branches:
Dungeon (1/1)

Altars:


Innate Abilities, Weirdness & Mutations

Armour fits poorly on your strangely shaped body.
You have extremely tough skin. (AC +3)
You have a long armoured tail.
You regenerate magic when rolling toward enemies. (Rampage MPRegen)


Message History

You roll towards the gnoll!
You puncture the gnoll!
The gnoll is heavily wounded.
You are no longer berserk.
You are exhausted.
You feel yourself slow down.
Unknown command.
You hit the gnoll.
The gnoll is almost dead.
The gnoll barely misses you. The ufetubus closely misses you.
The ufetubus hits you.
You hit the gnoll.
You kill the gnoll!
The ufetubus hits you. x2
* * * LOW HITPOINT WARNING * * *
The ufetubus hits you.
* * * LOW HITPOINT WARNING * * *
The ufetubus barely misses you.
You hit the adder.
The adder is moderately wounded.
The ufetubus hits you but does no damage. x2
The adder closely misses you. The ufetubus barely misses you.
The ufetubus misses you. The adder closely misses you.
Unknown command.
You barely miss the adder.
The adder is moderately wounded.
The ufetubus barely misses you. The ufetubus hits you.
* * * LOW HITPOINT WARNING * * *
The adder bites you.
* * * LOW HITPOINT WARNING * * *
You are lethally poisoned!
The adder poisons you!
The ufetubus hits you but does no damage.
The ufetubus misses you.
You closely miss the adder.
Your tail-slap misses the adder.
The adder is moderately wounded.
* * * LOW HITPOINT WARNING * * *
You feel sick. The adder closely misses you. The ufetubus hits you.
* * * LOW HITPOINT WARNING * * *
The ufetubus hits you.
You die...

▓.▓
▓.▓
▓'▓
▓÷▓
▓÷▓
▓.▓
▓.▓
▓5▓
▓@▓
▓S▓
▓.▓
▓.▓
▓.▓
▓.▓
▓+▓


You could see an adder and an ufetubus.

Vanquished Creatures
  A black bear (D)
  An orc wizard (D)
  A gnoll (D)
  A dart slug (D)
  A hobgoblin (D)
  A quokka (D)
  2 ball pythons (D)
8 creatures vanquished.

Notes
Turn   | Place    | Note
-------+----------+-------------------------------------------
     0 | D        | Groucho the Armataur Brigand began the quest for the Orb.
     0 | D        | Reached XP level 1. HP: 17/17 MP: 1/1
     6 | D        | Reached skill level 1 in Invocations
    16 | D        | Reached skill level 1 in Armour
    16 | D        | Reached skill level 1 in Dodging
    18 | D        | Reached skill level 1 in Shields
   219 | D        | Noticed an orc wizard
   219 | D        | Noticed a black bear
   233 | D        | Killed an orc wizard
   234 | D        | Reached skill level 5 in Stealth
   234 | D        | Reached XP level 2. HP: 15/25 MP: 3/3
   234 | D        | Reached XP level 3. HP: 18/30 MP: 4/4
   238 | D        | Killed a black bear
   239 | D        | Reached skill level 6 in Stealth
   239 | D        | Reached XP level 4. HP: 20/38 MP: 4/7
   244 | D        | Slain by an ufetubus

Illustrated notes

Levels and vault maps discovered:
D:        linesprint [early_d, line_temple, items_1, d_10, items_2, lair_1,
          lair_end, items_3, orc_1, orc_end, items_4, d_15, swamp_1, shoals_1,
          snake_1, spider_1, d_20, vaults_1, items_5, swamp_end, shoals_end,
          snake_end, spider_end, vaults_end, d_27, items_6, zot_1, zot_end,
          crypt_end, forest_end, elf_end, slime_end, tomb_end, abyss_end,
          pan_hell_end]

Skill      XL: |  1  2  3 |
---------------+----------+-----
Short Blades   | 3 4 |  4.3
Invocations    | 2 4 |  4.1
Fighting       | 2 3 |  3.2
Armour         | 1 3 |  3.3
Dodging        | 1 2 |  2.2
Shields        | 1 3 |  3.1
Stealth        | 5 6 |  6.8
Throwing       | |  1.7

Action                     |  1- 3 |  4- 6 || total
---------------------------+-------+-------++-------
  Melee: Dagger            |    27 |     6 ||    33
         Tailslap          |     2 |       ||     2
    Use: Potion            |     1 |       ||     1
   Stab: Sleeping          |     1 |       ||     1
 Armour: Robe              |    28 |    11 ||    39
  Dodge: Dodged            |    31 |    10 ||    41
